 Dungeon Crawl Stone Soup version 0.23-a0-448-g1c01f63 (webtiles) character file.

4398 JeffiDaFish the Reanimator (level 10, -4/50 HPs)
             Began as a Deep Elf Necromancer on Nov 19, 2018.
             Was a Priest of Sif Muna.
             Slain by a hornet (13 damage)
             ... while paralysed by a hornet
             ... on level 9 of the Dungeon.
             The game lasted 00:27:59 (8344 turns).

JeffiDaFish the Reanimator (Deep Elf Necromancer)   Turns: 8344, Time: 00:27:59

Health: -4/50      AC:  7    Str:  8    XL:     10   Next: 13%
Magic:  22/25      EV:  2    Int: 24    God:    Sif Muna [***...]
Gold:   333        SH:  0    Dex: 15    Spells: 17/28 levels left

rFire    . . .     SeeInvis +   A - +1 rapier of Annihilation {venom, rElec}
rCold    . . .     Gourm    .   (no shield)
rNeg     . . .     Faith    .   a - +2 robe
rPois    .         Spirit   .   (no helmet)
rElec    +         Reflect  .   B - +0 cloak
rCorr    .         Harm     .   h - +0 pair of gloves
MR       +....                  n - +0 pair of boots
Stlth    ++++......             (no amulet)
HPRegen  0.16/turn              j - +3 ring of strength
MPRegen  0.19/turn              C - ring of see invisible

@: paralysed, lethally poisoned (-4 -> -20), slowed, divine energy
A: no striking features
a: Stop Divine Energy, Channel Magic, Renounce Religion


You were on level 9 of the Dungeon.
You worshipped Sif Muna.
Sif Muna was most pleased with you.
You were not hungry.

You visited 1 branch of the dungeon, and saw 9 of its levels.
You also visited: Sewer.

You collected 454 gold pieces.
You spent 121 gold pieces at shops.

Inventory:

Hand Weapons
 d - a +2 dagger of venom
 A - the +1 rapier of Annihilation (weapon) {venom, rElec}
   (You found it on level 6 of the Dungeon)

   It poisons the flesh of those it strikes.
   It insulates you from electricity.
Armour
 a - a +2 robe (worn)
 h - a +0 pair of gloves (worn)
 n - a +0 pair of boots (worn)
 B - a +0 cloak (worn)
Jewellery
 j - a +3 ring of strength (left hand)
 k - a +1 ring of protection
 t - an uncursed ring of protection from cold
 C - a ring of see invisible (right hand)
Wands
 f - a wand of disintegration (16)
 p - a wand of acid (10)
 D - a wand of paralysis (9)
 E - a wand of digging (7)
Scrolls
 b - 8 scrolls of teleportation
 e - 3 scrolls of identify
 l - 3 scrolls of blinking
 o - 4 scrolls of remove curse
 s - a scroll of fog
 y - a scroll of fear
Potions
 g - 2 potions of ambrosia
 i - a potion of invisibility
 m - 5 potions of brilliance
 q - 2 potions of agility
 r - 3 potions of might
 u - a potion of flight
 v - 3 potions of heal wounds
 w - 2 potions of curing
 x - a potion of mutation
Comestibles
 c - 12 rations
 z - 5 chunks of flesh


   Skills:
 + Level 4.9 Short Blades
 + Level 8.9 Dodging
 - Level 7.0 Stealth
 + Level 9.7 Spellcasting
 * Level 12.6 Necromancy


You had 17 spell levels left.
You knew the following spells:

 Your Spells              Type           Power        Failure   Level  Hunger
a - Pain                  Necr           ####         1%          1    None
b - Vampiric Draining     Necr           ######....   1%          3    None
c - Regeneration          Chrm/Necr      #####.....   1%          3    None
d - Animate Dead          Necr           N/A          1%          4    #......

Your spell library contained the following spells:

 Spells                   Type           Power        Failure   Level  Hunger
 Animate Skeleton         Necr           N/A          1%          1    None
 Freeze                   Ice            ##..         5%          1    None
 Summon Butterflies       Summ           ##......     5%          1    None
 Throw Frost              Conj/Ice       ##....       9%          2    None
 Call Canine Familiar     Summ           ##......     16%         3    None
 Ozocubu's Armour         Chrm/Ice       ##......     16%         3    None
 Summon Ice Beast         Ice/Summ       ##......     47%         4    #......
 Throw Icicle             Conj/Ice       ##......     47%         4    #......
 Summon Mana Viper        Hex/Summ       ##......     83%         5    ####...
 Summon Hydra             Summ           ##........   100%        7    #######


Dungeon Overview and Level Annotations

Branches:
Dungeon (9/15)             Temple (0/1) D:5
   Lair: D:8-11         Orc: D:9-12

Altars:
Cheibriados
Fedhas
Kikubaaqudgha
Okawaru
Sif Muna
Wu Jian
Xom
Yredelemnul
Zin

Shops:
D:5 %   D:6 %?*


Message History

The hornet stings you.
You are poisoned.
You feel yourself slow down.
Casting: Vampiric Draining (safe; 1% risk of failure)
Confirm with . or Enter, or press ? or * to list all spells.
Aiming: Vampiric Draining (safe; 1% risk of failure)
Press: ? - help, Shift-Dir - straight line, f - hornet
Aim: a hornet The hornet is moderately wounded.
You feel life coursing into your body.
You feel sick. The hornet stings you!
You feel as though you will be slow longer.
The hornet barely misses you. The hornet stings you!
You suddenly lose the ability to move!
The hornet stings you!
* * * LOW HITPOINT WARNING * * *
You are lethally poisoned!
You feel as though you will be slow longer.
* * * LOW HITPOINT WARNING * * *
You feel sick. The hornet stings you!
You die...

######......
...........
..........#
..........# .
.........> .≈
.........# .≈≈
.........#### y≈≈≈
.......@....#..≈.≈
.......)y.........
#########.........
#.###.(...
#.########
#.#<...# #.####.#
#......# ########


You could see a hornet.

Vanquished Creatures
  Psyche (D:8)
  Joseph (D:9)
  Prince Ribbit (D:6)
  A spriggan (D:7)
  Sigmund (D:5)
  A wyvern (D:8)
  A water moccasin (D:7)
  An orc warrior (D:8)
  An ice beast (D:8)
  An ogre (D:7)
  3 phantoms
  4 centaurs
  Blork the orc (D:5)
  2 bullfrogs
  4 big kobolds (Sewer)
  A wyvern skeleton (D:8)
  5 killer bees (D:7)
  A howler monkey (D:8)
  3 crimson imps
  2 centaur zombies
  A hound (D:9)
  A bullfrog skeleton (D:4)
  8 orc priests
  4 orc wizards
  A centaur skeleton (D:4)
  Ijyb (D:3)
  4 worker ants
  A killer bee zombie (D:7)
  2 hound skeletons
  A howler monkey skeleton (D:8)
  14 adders
  4 gnolls
  6 river rats
  4 shadow imps
  An ooze (Sewer)
  An adder skeleton (D:4)
  2 worms (D:6)
  A dart slug (D:4)
  2 leopard geckos
  45 orcs
  6 bats
  5 giant cockroaches
  10 hobgoblins
  3 jackals (D:4)
  4 quokkas
  5 ball pythons
  4 frilled lizards
  7 goblins
  24 kobolds
  A leopard gecko zombie (D:7)
  33 rats
242 creatures vanquished.

Vanquished Creatures (collateral kills)
  A wyvern (D:8)
  4 orcs (D:8)
  2 ball pythons (Sewer)
  A frilled lizard (D:3)
8 creatures vanquished.

Grand Total: 250 creatures vanquished

Notes
Turn   | Place    | Note
-------+----------+-------------------------------------------
     0 | D:1      | JeffiDaFish the Deep Elf Necromancer began the quest for
                  | the Orb.
     0 | D:1      | Reached XP level 1. HP: 10/10 MP: 6/6
   278 | D:1      | Reached skill level 5 in Necromancy
   309 | D:1      | Reached XP level 2. HP: 13/15 MP: 8/8
  1389 | D:2      | Reached XP level 3. HP: 12/19 MP: 5/9
  1614 | D:2      | Reached skill level 9 in Necromancy
  1614 | D:2      | Reached XP level 4. HP: 24/24 MP: 10/15
  1619 | D:2      | Learned a level 3 spell: Vampiric Draining
  1718 | D:2      | Found an ornate altar of the Wu Jian Council.
  2150 | D:2      | Learned a level 3 spell: Regeneration
  2155 | D:2      | Learned a level 4 spell: Animate Dead
  2254 | D:3      | Noticed Ijyb
  2262 | D:3      | Killed Ijyb
  2304 | D:3      | Reached XP level 5. HP: 28/28 MP: 16/16
  2526 | D:3      | Found a blossoming altar of Fedhas.
  3345 | D:4      | Reached skill level 1 in Short Blades
  3345 | D:4      | Reached XP level 6. HP: 27/32 MP: 14/18
  3457 | D:4      | Reached skill level 10 in Necromancy
  3656 | D:4      | Found an iron altar of Okawaru.
  3917 | D:4      | Found a glowing silver altar of Zin.
  3917 | D:4      | Found a deep blue altar of Sif Muna.
  3922 | D:4      | Became a worshipper of Sif Muna the Loreminder
  3947 | D:5      | Entered Level 5 of the Dungeon
  4098 | D:5      | Found an ancient bone altar of Kikubaaqudgha.
  4303 | D:5      | Reached XP level 7. HP: 5/36 MP: 12/20
  4363 | D:5      | Found Limael's Food Boutique.
  4402 | D:5      | Found a staircase to the Ecumenical Temple.
  4402 | D:5      | Noticed Blork the orc
  4409 | D:5      | Killed Blork the orc
  4491 | D:5      | Found a basalt altar of Yredelemnul.
  4500 | D:5      | Noticed Sigmund
  4506 | D:5      | Killed Sigmund
  4527 | D:5      | Found a snail-covered altar of Cheibriados.
  4843 | D:6      | Noticed Prince Ribbit
  4858 | D:6      | Reached XP level 8. HP: 19/41 MP: 13/22
  4865 | D:6      | Killed Prince Ribbit
  4901 | D:6      | Found a glowing drain.
  4946 | Sewer    | Entered a sewer
  5044 | Sewer    | Reached * piety under Sif Muna
  5319 | Sewer    | Reached skill level 11 in Necromancy
  5642 | D:6      | Found Quorchana's General Store.
  5667 | D:6      | Bought a potion of mutation for 88 gold pieces
  5667 | D:6      | Bought a scroll of teleportation for 33 gold pieces
  5690 | D:6      | Found Hicinyni's Food Boutique.
  6048 | D:6      | Found Ohui's Magic Scroll Boutique.
  6069 | D:6      | Got a bone rapier
  6070 | D:6      | Identified the +1 rapier of Annihilation {venom, rElec}
                  | (You found it on level 6 of the Dungeon)
  6442 | D:7      | Identified the +1 leather armour of Hepliaklqana's Reproof
                  | {+Blink MR++ Str-5 SInv} (You found it on level 7 of the
                  | Dungeon)
  6506 | D:7      | Reached XP level 9. HP: 35/45 MP: 4/23
  6597 | D:7      | Reached ** piety under Sif Muna
  6747 | D:7      | Found a shimmering altar of Xom.
  7652 | D:8      | Reached skill level 12 in Necromancy
  7942 | D:8      | Noticed Psyche
  7945 | D:8      | Killed Psyche
  7945 | D:8      | Reached XP level 10. HP: 48/50 MP: 25/25
  8081 | D:8      | Reached *** piety under Sif Muna
  8235 | D:8      | Found a basalt altar of Yredelemnul.
  8322 | D:9      | Noticed Joseph
  8331 | D:9      | Killed Joseph
  8342 | D:9      | Paralysed by a hornet for 3 turns
  8344 | D:9      | Slain by a hornet

Vault maps used:
D:1:      saegor_arrival_simple_c
D:2:      nicolae_overflow_crystal_walls, kennysheep_path_1
D:3:      marbit_many_paths, wander_ebering_terrifying_dragon_lair, uniq_ijyb
D:4:      gammafunk_temple_overflow_elements, kennysheep_little_box,
          first_ration, minmay_pentangle
D:5:      lemuel_doored_altar, cheibriados_altar_1, minmay_temple_entry_hall,
          serial_shops, shop, basic_altar, uniq_sigmund, uniq_blork_the_orc
D:6:      cheibrodos_sewer_entry_sluice, serial_shops, shop, shop,
          nicolae_shop_behind_doors, uniq_prince_ribbit1
D:7:      the_bakery, xom_teletrap_fun
D:8:      yredelemnul_altar_generic, special_room, minmay_circle_x, uniq_psyche
D:9:      kennysheep_orc_sif_temple, erik_lair_island, orc_0_dummy, uniq_joseph,
          uniq_harold
Sewer:    sewer_minmay_treatment

Skill      XL: |  1  2  3  4  5  6  7  8  9 |
---------------+----------------------------+-----
Necromancy     | 5 9 10 11 12 | 12.6
Stealth        | 3 6 7 |  7.0
Dodging        | 6 7 8 |  8.9
Spellcasting   | 7 8 9 |  9.7
Short Blades   | 1 2 3 4 |  4.9

Action                   |  1- 3 |  4- 6 |  7- 9 | 10-12 || total
-------------------------+-------+-------+-------+-------++-------
Melee: Dagger            |    37 |   238 |   198 |       ||   473
       Unarmed           |     3 |       |       |       ||     3
       Rapier            |       |       |   218 |    30 ||   248
 Cast: Pain              |    27 |    24 |    35 |     1 ||    87
       Vampiric Draining |       |    11 |    55 |     6 ||    72
       Regeneration      |       |    11 |     6 |       ||    17
       Animate Dead      |       |     2 |     8 |       ||    10
Invok: Divine Energy     |       |       |       |     1 ||     1
  Use: Scroll            |     4 |     6 |     7 |     1 ||    18
       Potion            |     4 |     5 |     2 |       ||    11
 Stab: Sleeping          |     3 |    21 |    21 |     1 ||    46
       Invisible         |       |     1 |       |       ||     1
       Distracted        |       |       |     2 |       ||     2
  Eat: Chunk             |     2 |     9 |    10 |     1 ||    22
       Ration            |       |       |     1 |       ||     1
Armor: Robe              |    10 |    34 |    84 |     2 ||   130
Dodge: Dodged            |    34 |   158 |   383 |    26 ||   601

Table legend:
 A = Non-vault XP
 B = Vault XP
 C = Vault XP percentage of total XP
 D = Non-vault monster count
 E = Vault monster count
 F = Vault count percentage of total count
                 A         B        C        D         E       F
            +---------+---------+-------+---------+---------+-------
      Total |    3233 |    2992 |  48.1 |     159 |      91 |  36.4
            +---------+---------+-------+---------+---------+-------
        D:1 |      33 |       0 |   0.0 |      22 |       0 |   0.0
        D:2 |      52 |       0 |   0.0 |      17 |       0 |   0.0
        D:3 |     168 |      39 |  18.8 |      28 |       3 |   9.7
        D:4 |     155 |      92 |  37.2 |      15 |       7 |  31.8
        D:5 |     269 |     319 |  54.3 |      15 |       2 |  11.8
        D:6 |     385 |     294 |  43.3 |      14 |       5 |  26.3
        D:7 |     879 |     224 |  20.3 |      16 |       1 |   5.9
        D:8 |    1292 |    1035 |  44.5 |      32 |      23 |  41.8
        D:9 |       0 |     465 | 100.0 |       0 |       2 | 100.0
      Sewer |       0 |     524 | 100.0 |       0 |      48 | 100.0
            +---------+---------+-------+---------+---------+-------
